 Dungeon Crawl Stone Soup version 0.16-a0-2970-ge3807df (webtiles) character file.

109 Conn321 the Magician (level 4, -5/21 HPs)
             Began as a Spriggan Conjurer on Dec 5, 2014.
             Killed from afar by an orc wizard (7 damage)
             ... with a puff of frost
             ... on level 3 of the Dungeon.
             The game lasted 00:12:25 (1979 turns).

Conn321 the Magician (Spriggan Conjurer)            Turns: 1979, Time: 00:12:25

Health: -5/21      AC:  2    Str:  4    XL:     4   Next: 59%
Magic:  1/15       EV: 19    Int: 17    God:
Gold:   55         SH:  0    Dex: 16    Spells: 2 memorised, 7 levels left

rFire  . . .     SeeInvis +     h - +1 short sword
rCold  . . .     Clarity  .     a - +0 robe
rNeg   . . .     SustAb   .     (shield restricted)
rPois  .         Gourm    .     (helmet restricted)
rElec  .         Spirit   .     (no cloak)
rCorr  .         Warding  .     (gloves unavailable)
rMut   .         Stasis   .     (boots unavailable)
MR     .....                    (no amulet)
Stlth  +++.......               (no ring)
                                (no ring)

@: very quick, not resistant to hostile enchantments, fairly stealthy
A: unfitting armour, see invisible, herbivore 3, speed 3, slow metabolism 2
a: no special abilities


You were on level 3 of the Dungeon.
You were not hungry.

You visited 1 branch of the dungeon, and saw 3 of its levels.

You collected 55 gold pieces.

Inventory:

Hand weapons
 h - a +1 short sword (weapon)
Missiles
 e - 3 needles of frenzy
 g - 6 curare-tipped needles
 i - 26 stones (quivered)
Armour
 a - a +0 robe (worn)
Scrolls
 j - 3 scrolls of recharging {unknown}
 k - a scroll of immolation {unknown}
Potions
 f - a potion of restore abilities
Books
 c - a book of Conjurations

   Spells                             Type                      Level
   a - Magic Dart                     Conjuration                  1
   b - Searing Ray                    Conjuration                  2
   c - Dazzling Spray                 Conjuration/Hexes            3
   d - Fulminant Prism                Conjuration/Hexes            4
   e - Iskenderun's Mystic Blast      Conjuration                  4
   f - Iskenderun's Battlesphere      Conjuration/Charms           5
Comestibles
 b - a bread ration
 l - a slice of pizza
 m - a fruit


   Skills:
 + Level 0.2 Fighting
 + Level 0.4 Short Blades
 + Level 3.9 Dodging
 + Level 3.3 Stealth
 + Level 4.0 Spellcasting
 + Level 3.6 Conjurations


You had 7 spell levels left.
You knew the following spells:

 Your Spells              Type           Power        Failure   Level  Hunger
a - Magic Dart            Conj           ###.         3%          1    None
b - Dazzling Spray        Conj/Hex       #.......     24%         3    ###....


Dungeon Overview and Level Annotations

Branches:
Dungeon (3/15)

Altars:

Annotations:
D:2 Robin


Innate Abilities, Weirdness & Mutations

You are tiny and cannot use many weapons and most armour.
You have supernaturally acute eyesight.
You are a herbivore.
You cover ground extremely quickly.
You need consume almost no food.


Message History

The orc wizard misses you.
Drink which item? (? for menu, Esc to quit)
Okay, then.
Read which item? (? for menu, Esc to quit)
As you read the scroll labeled KIGARI WAOCRIU, it crumbles to dust.
It is a scroll of enchant weapon.
Enchant which weapon? (? for menu, Esc to quit)
Your +0 short sword glows red for a moment.
The orc wizard's eyes start to glow.
Read which item? (? for menu, Esc to quit)
Okay, then.
Drink which item? (? for menu, Esc to quit)
Okay, then.
Drink which item? (? for menu, Esc to quit)
Okay, then.
Things that are here:
a short sword; a meat ration The orc wizard gestures at you while chanting.
The puff of frost hits you!
You die...

...... ##.## ##......####
......#####...## ##†.......#
........##.....###).....##.#
.......#.#.......#......## #
................#.##.####
.......#.###...#.###.# #####
#)# ##.#### #.#
#.###########.#
#..)o..)@)....#
#..############ #..# #).#
##..# #...# #[#.# #.#...
#.#####


You could see an orc wizard.

Vanquished Creatures
  4 gnolls
  An adder (D:3)
  A worm (D:2)
  A giant gecko (D:1)
  6 orcs (D:3)
  3 giant cockroaches
  5 hobgoblins
  2 jackals (D:3)
  A ball python (D:1)
  A bat (D:1)
  5 giant newts (D:1)
  7 goblins
  6 kobolds
  8 rats (D:1)
51 creatures vanquished.

Notes
Turn   | Place    | Note
--------------------------------------------------------------
     0 | D:1      | Conn321, the Spriggan Conjurer, began the quest for the Orb.
     0 | D:1      | Reached XP level 1. HP: 9/9 MP: 4/4
   383 | D:1      | Reached XP level 2. HP: 13/13 MP: 0/7
   661 | D:1      | Reached XP level 3. HP: 16/16 MP: 0/9
   747 | D:1      | Learned a level 3 spell: Dazzling Spray
  1189 | D:2      | Noticed Robin
  1642 | D:3      | Reached XP level 4. HP: 11/21 MP: 3/14
  1815 | D:3      | Reached skill level 4 in Spellcasting
  1979 | D:3      | Killed from afar by an orc wizard

Action                   |  1- 3 |  4- 6 || total
-------------------------+-------+-------++-------
Melee: Dagger            |    13 |       ||    13
       Unarmed           |     1 |       ||     1
       Short sword       |    15 |       ||    15
 Cast: Magic Dart        |    94 |    40 ||   134
       Dazzling Spray    |       |     1 ||     1
  Use: Scroll            |     1 |     1 ||     2
       Potion            |     1 |       ||     1
 Stab: Distracted        |     1 |       ||     1
       Sleeping          |     1 |       ||     1
